 Dungeon Crawl Stone Soup version 0.29-a0-775-g4d7333d4e2 (webtiles) character file.

Game seed: 5928968393939005658

95 zeratav the Ruffian (level 4, 0/44 HPs)
             Began as a Troll Fighter on July 1, 2022.
             Slain by Sigmund
             ... wielding a +0 scythe
              (6 damage)
             ... on level 2 of the Dungeon.
             The game lasted 00:02:11 (1826 turns).

zeratav the Ruffian (Troll Fighter)                 Turns: 1826, Time: 00:02:12

Health: 0/44       AC:  4    Str: 26    XL:     4   Next: 39%
Magic:  3/3        EV:  8    Int:  4    God:
Gold:   119        SH:  7    Dex:  9    Spells: 3/3 levels left

rFire   + . .      SeeInvis .     - Unarmed
rCold   . . .      Faith    .   b - +0 kite shield
rNeg    . . .      Spirit   .   a - +0 robe
rPois   .          Reflect  .   (helmet restricted)
rElec   .          Harm     .   (no cloak)
rCorr   .          Rampage  .   (gloves unavailable)
Will    .....                   (boots unavailable)
Stlth   +.........              (no amulet)
HPRegen 0.94/turn               o - ring of protection from fire
MPRegen 0.08/turn               (no ring)

@: no status effects
A: large, unfitting armour, claws 3, regeneration 1, shaggy fur 1, tough skin 1
a: no special abilities


You were on level 2 of the Dungeon.
You visited 1 branch of the dungeon, and saw 2 of its levels.

You collected 119 gold pieces.


Innate Abilities, Weirdness & Mutations

You are too large for most types of armour.
You have claws for hands.
Your natural rate of healing is unusually fast.
You are covered in fur. (AC +1)
You have tough skin. (AC +1)


   Skills:
 + Level 2.8 Fighting
 + Level 1.2 Throwing
 - Level 2.4 Dodging
 + Level 3.1 Shields
 + Level 3.5 Unarmed Combat


You had 3 spell levels left.
You didn't know any spells.
Your spell library was empty.

Inventory:

Hand Weapons
 i - a +0 short sword {short}
   (You found it on level 1 of the Dungeon)
Armour
 a - a +0 robe (worn)
 b - a +0 kite shield (worn)
 d - a +0 tower shield
   (You found it on level 1 of the Dungeon)
Jewellery
 j - a +6 ring of intelligence
   (You found it on level 1 of the Dungeon)
 o - a ring of protection from fire (left claw)
   (You found it on level 2 of the Dungeon)
Scrolls
 e - 3 scrolls of identify {unknown}
 f - a scroll of blinking {unknown}
 g - 2 scrolls of teleportation {unknown}
 h - a scroll of amnesia {unknown}
 m - a scroll of fog {unknown}
 n - a scroll of enchant armour {unknown}
 p - a scroll of magic mapping {unknown}
Potions
 c - a potion of might
 k - 2 potions of flight {unknown}
 l - 2 potions of heal wounds {unknown}

Dungeon Overview and Level Annotations

Branches:
Dungeon (2/15) Zot: 10154

Altars:

Shops:
D:2 *

Annotations:
D:2 Sigmund

#...##^#
#...##.#
#...##..
#....###
###
##......
#.. #>...##
#.# #..#...
#{# ##...##
#@# ##.###
#######.#
#.# #
#.......#
#.#
#.#######
#.# #.#
##.## #.#
######.#.##
#.#
#.....###..
#.#
#.####.#.##
#.# #.#
##.##


There were no monsters in sight!


Message History

No target in view!
No target in view!
No target in view!
Things that are here:
a +0 club {mace}; 3 stones {throwing}; a kobold corpse
Things that are here:
a +0 club {mace}; 3 stones {throwing}; a kobold corpse You see here a bat skeleton.
There is a stone staircase leading up here.
Found Tynkaut's Assorted Antiques.
There is an entrance to Tynkaut's Assorted Antiques here.
You can access your shopping list by pressing '$'.
You can access your shopping list by pressing '$'.
Sigmund the Dreaded comes into view.
He is wielding a +0 scythe.
Sigmund hits you but does no damage. Sigmund barely misses you.
You scratch Sigmund but do no damage. Sigmund barely misses you.
You barely miss Sigmund. You barely miss Sigmund.
Sigmund casts a spell.
Sigmund flickers and vanishes!
Deactivating autopickup; reactivate with Ctrl-A.
No target in view!
No target in view!
No target in view!
No target in view!
No target in view!
No target in view!
No target in view!
No target in view!
No target in view!
No target in view!
No target in view!
No target in view!
No target in view!
No target in view!
No target in view!
No target in view!
No target in view!
No target in view!
No target in view!
No target in view!
You claw something!
You hear some strange, mumbled words.
You are confused.
You bump into the rock wall.
Something hits you!
HP[-11]
You take 11 damage, and now have 33/44 hp.
MASSIVE DAMAGE!! (PAUSE)
You scratch something but do no damage. Something hits you!
HP[-6]
You take 6 damage, and now have 27/44 hp.
You bump into the rock wall.
Something hits you but does no damage.
HP[+1] You're too confused to move!
HP[+1] Unknown command.
You miss something.
You feel less confused.
You hear some strange, mumbled words.
You are confused.
HP[+1]
You bump into the rock wall.
Something hits you.
HP[-4]
You take 4 damage, and now have 26/44 hp.
You bump into the rock wall.
Something hits you.
You miss something.
HP[+1] You're too confused to move!
Something hits you!
* * * LOW HITPOINT WARNING * * *
HP[-8]
You take 8 damage, and now have 19/44 hp.
You barely miss something.
You feel less confused. Something hits you.
* * * LOW HITPOINT WARNING * * *
HP[-1]
You take 1 damage, and now have 18/44 hp.
You closely miss something. Something hits you!
* * * LOW HITPOINT WARNING * * *
HP[-10]
You take 10 damage, and now have 8/44 hp.
MASSIVE DAMAGE!! (PAUSE) Unknown command.
You closely miss something.
HP[+1]
You miss something. Something hits you.
* * * LOW HITPOINT WARNING * * *
HP[-1]
You take 1 damage, and now have 8/44 hp.
You claw something!
You hear some strange, mumbled words.
A puff of flame appears from out of thin air!
The puff of flame hits you. You resist.
* * * LOW HITPOINT WARNING * * *
HP[-3]
You take 3 damage, and now have 5/44 hp.
You barely miss something. Something hits you.
You die...

Skill      XL: |  1  2  3 |
---------------+----------+-----
Unarmed Combat | 3 |  3.5
Throwing       | 1 |  1.2
Shields        | 3 |  3.1
Fighting       | |  2.8
Dodging        | |  2.4

Action                   |  1- 3 |  4- 6 || total
-------------------------+-------+-------++-------
Melee: Unarmed           |   102 |    18 ||   120
Armor: Robe              |    51 |     6 ||    57
Dodge: Dodged            |    43 |     2 ||    45
Block: Kite shield       |    38 |     1 ||    39

Levels and vault maps discovered:
D:1:      dpeg_arrival_shelter, layout_loops_ring,
          ebering_ecumenical_altar_petrified, patterned_corridor
D:2:      layout_loops_ring, serial_shops, shop, chequers_serial_rivers_micro_a,
          uniq_sigmund, uniq_natasha

Notes
Turn   | Place    | Note
-------+----------+-------------------------------------------
     0 | D:1      | zeratav the Troll Fighter began the quest for the Orb.
     0 | D:1      | Reached XP level 1. HP: 22/22 MP: 0/0
     0 | D:1      | magus.rc [v1.9.6]
   302 | D:1      | Reached XP level 2. HP: 29/29 MP: 1/1
   350 | D:1      | Found a faded altar of an unknown god.
   677 | D:1      | Reached skill level 3 in Unarmed Combat
  1348 | D:2      | Reached XP level 3. HP: 30/36 MP: 2/2
  1417 | D:2      | Noticed Natasha
  1426 | D:2      | Killed Natasha
  1427 | D:2      | Reached skill level 1 in Throwing
  1427 | D:2      | Reached skill level 3 in Shields
  1577 | D:2      | Noticed Natasha
  1582 | D:2      | Killed Natasha
  1583 | D:2      | Reached XP level 4. HP: 43/44 MP: 3/3
  1776 | D:2      | Found Tynkaut's Assorted Antiques.
  1805 | D:2      | Noticed Sigmund
  1822 | D:2      | HP: 8/44 [something (11)]
  1826 | D:2      | Slain by Sigmund

Vanquished Creatures
  Natasha (twice) (D:2)
  An adder (D:2)
  A dart slug (D:2)
  2 endoplasms
  2 giant cockroaches (D:2)
  4 goblins
  2 hobgoblins (D:2)
  4 ball pythons
  7 bats
  A frilled lizard (D:1)
  6 kobolds
  3 rats
35 creatures vanquished.

Vanquished Creatures (others)
  A withered plant (D:1)
1 creature vanquished.

Grand Total: 36 creatures vanquished

Table legend:
 A = Non-vault XP
 B = Vault XP
 C = Vault XP percentage of total XP
 D = Non-vault monster count
 E = Vault monster count
 F = Vault count percentage of total count
                 A         B        C        D         E       F
            +---------+---------+-------+---------+---------+-------
      Total |     101 |      35 |  25.7 |      34 |       1 |   2.9
            +---------+---------+-------+---------+---------+-------
        D:1 |      24 |       0 |   0.0 |      16 |       0 |   0.0
        D:2 |      77 |      35 |  31.2 |      18 |       1 |   5.3
            +---------+---------+-------+---------+---------+-------

Illustrated notes

Table legend:
 A = Kills in this place as a percentage of kills in entire the game.
 B = Kills by you in this place as a percentage of kills by you in the entire game.
 C = Kills by friends in this place as a percentage of kills by friends in the entire game.
 D = Other kills in this place as a percentage of other kills in the entire game.
 E = Experience gained in this place as a percentage of experience gained in the entire game.
 F = Experience gained in this place divided by the number of levels of this place that you have seen.
                   A       B       C       D       E      F
               +-------+-------+-------+-------+-------+----------------------
         Total | 100.0 | 100.0 |   N/A |   N/A | 100.0 |  68.0
       Dungeon | 100.0 | 100.0 |   N/A |   N/A | 100.0 |  68.0
               +-------+-------+-------+-------+-------+----------------------

Table legend: (Time is in decaauts)
 A = Elapsed time spent in this place.
 B = Non-inter-level travel time spent in this place.
 C = Inter-level travel time spent in this place.
 D = Time resting spent in this place.
 E = Time spent auto-exploring this place.
 F = Levels seen in this place.
 G = Mean time per level.
                   A        B        C        D        E       F      G
               +--------+--------+--------+--------+--------+-----+--------+
         Total |   1844 |   1802 |     42 |      0 |   1491 |   2 |  922.0 |
       Dungeon |   1844 |   1802 |     42 |      0 |   1491 |   2 |  922.0 |
               +--------+--------+--------+--------+--------+-----+--------+

Top non-repeatable levels by time:
     D:1: 1191 daAuts
     D:2: 652 daAuts
